 Dungeon Crawl Stone Soup version 0.30.1-3-gfc49f6343a (webtiles) character file.

Game seed: 13514447812028251011

519 Kranky the Trooper (level 7, -2/55 HPs)
             Began as a Demonspawn Berserker on July 21, 2023.
             Was a Priest of Trog.
             Slain by a killer bee (8 damage)
             ... on level 4 of the Dungeon.
             The game lasted 00:05:57 (3030 turns).

Kranky the Trooper (Demonspawn Berserker)           Turns: 3030, Time: 00:05:58

Health: -2/55      AC:  9    Str: 19    XL:     7   Next: 1%
Magic:  7/7        EV: 12    Int:  9    God:    Trog [***...]
Gold:   165        SH:  0    Dex: 17    Spells: 6/6 levels left

rFire   . . .        u - +4 trident of the Narrow God {heavy, *Noise Dex+3 SInv}
rCold   . . .        (no shield)
rNeg    . . .        B - +0 swamp dragon scales
rPois   +            (no helmet)
rElec   .            (no cloak)
rCorr   .            (no gloves)
SInv    +            t - +0 pair of boots
Will    .....        (no amulet)
Stlth   ++           (no ring)
HPRegen 0.29/turn    (no ring)
MPRegen 0.10/turn

%: no passive effects
@: no status effects
A: thin skeletal structure 1, ignite blood 1
a: Renounce Religion, Berserk, Trog's Hand


You were on level 4 of the Dungeon.
You worshipped Trog.
Trog was most pleased with you.
You visited 1 branch of the dungeon, and saw 5 of its levels.

You collected 213 gold pieces.
You spent 48 gold pieces at shops.

Inventory:

Hand Weapons
 a - a +0 spear
 n - a +2 heavy spear
 u - the +4 trident of the Narrow God (weapon) {heavy, *Noise Dex+3 SInv}
   (You found it on level 3 of the Dungeon)

   Dex:       It affects your dexterity (+3).
   SInv:      It lets you see invisible.
   *Noise:    It may make noises in combat.
Armour
 b - a +0 animal skin
 m - a +0 ring mail
 t - a +0 pair of boots (worn)
 B - +0 swamp dragon scales (worn)
Jewellery
 o - a ring of positive energy
 r - a +5 ring of evasion
 s - an amulet of magic regeneration
Wands
 A - a wand of roots (8)
Scrolls
 f - 2 scrolls of poison {unknown}
 g - a scroll of enchant weapon {unknown}
 i - 2 scrolls of identify {unknown}
 l - 3 scrolls of teleportation {unknown}
 p - 3 scrolls of magic mapping {unknown}
 q - a scroll of enchant armour {unknown}
 y - 2 scrolls of fog {unknown}
 z - a scroll of silence {unknown}
Potions
 c - 3 potions of heal wounds {unknown}
 d - 2 potions of curing
 e - a potion of resistance {unknown}
 h - a potion of might {unknown}
 j - a potion of berserk rage {unknown}
 k - a potion of brilliance {unknown}
 v - a potion of mutation {unknown}
 w - a potion of cancellation {unknown}
 x - a potion of degeneration


   Skills:
 + Level 4.7 Fighting
 + Level 4.2 Polearms
 + Level 3.7 Armour
 + Level 3.7 Dodging


You had 6 spell levels left.
You didn't know any spells.
Your spell library was empty.

Dungeon Overview and Level Annotations

Branches:
Dungeon (5/15)             Temple (0/1) D:5

Altars:
Cheibriados
Qazlal

Shops:
D:4 !=


Innate Abilities, Weirdness & Mutations

You have a somewhat thin skeletal structure. (Dex +2, Stealth+)
Your demonic aura sometimes causes spilled blood to erupt in flames.


Message History

You feel sick.
You hear an angry buzzing noise.
You hear an angry hiss.
An ice beast comes into view.
The killer bee stings you but does no damage.
You have reached level 7!
You hit the killer bee but do no damage.
You feel sick. The killer bee stings you. The killer bee stings you!
The killer bee closely misses you.
A centaur comes into view.
The killer bee stings you. x2
The killer bee stings you but does no damage.
The killer bee closely misses you.
You feel sick. The killer bee barely misses you.
A killer bee comes into view.
The killer bee attacks as you move away!
The killer bee stings you but does no damage.
You feel sick. The killer bee barely misses you.
There is a stone staircase leading up here.
You feel sick.
The killer bee buzzes angrily.
The centaur shouts!
The killer bee stings you.
* * * LOW HITPOINT WARNING * * *
The killer bee barely misses you. x2; The killer bee completely misses you.
You climb upwards.
You feel sick.
You are no longer poisoned.
There is a stone staircase leading down here.
The killer bee closely misses you.
The killer bee stings you but does no damage.
The killer bee stings you.
* * * LOW HITPOINT WARNING * * *
The killer bee barely misses you.
You puncture the killer bee!
The killer bee is severely wounded.
The killer bee barely misses you. The killer bee closely misses you.
The killer bee stings you.
* * * LOW HITPOINT WARNING * * *
You hit the killer bee.
The killer bee is almost dead.
The killer bee misses you. The killer bee stings you!
You die...

.## ##.##.##.## #.# .#
######..#.#.###########.# .#
#......#................#
.####......##.###############
..............#
....#.....)##.#### ######
.##.#..........>y# #.....
###.#.#.#####.##y###########.####
#.#.#.#####.##@##..........#
#.#.........##.##.##...##..#
#.#...#####.##.##.##...##..#
#.#...# #.......##...##..#
#.#...# #..###..†........#
###.#...# #..# #...†......##
........######.###..........#
#######...)......<..##...##.#
#############.........#


You could see 2 killer bees.

Vanquished Creatures
  An ogre (D:4)
  A bullfrog (D:4)
  2 killer bees (D:5)
  A hound (D:4)
  An iguana (D:4)
  3 orc wizards
  6 gnolls
  3 adders
  A worm (D:3)
  3 dart slugs
  4 orcs
  2 ball pythons
  4 endoplasms
  4 giant cockroaches
  8 goblins
  4 hobgoblins
  4 kobolds
  4 quokkas
  6 bats
  5 frilled lizards
  5 rats
72 creatures vanquished.

Notes
Turn   | Place    | Note
-------+----------+-------------------------------------------
     0 | D:1      | Kranky the Demonspawn Berserker began the quest for the
                  | Orb.
     0 | D:1      | Reached XP level 1. HP: 18/18 MP: 1/1
   322 | D:1      | Gained mutation: Your demonic aura sometimes causes spilled
                  | blood to erupt in flames. [demonic ancestry]
   322 | D:1      | Reached XP level 2. HP: 15/24 MP: 2/2
  1101 | D:2      | Gained mutation: You have a somewhat thin skeletal
                  | structure. (Dex +2, Stealth+) [demonic ancestry]
  1101 | D:2      | Reached XP level 3. HP: 29/29 MP: 3/3
  1220 | D:2      | Reached ** piety under Trog
  1667 | D:3      | Reached XP level 4. HP: 29/35 MP: 4/4
  1788 | D:3      | Identified the +4 trident of the Narrow God {heavy, *Noise
                  | Dex+3 SInv}
  2190 | D:4      | Found Porpheyte's Jewellery Boutique.
  2190 | D:4      | Found Sizamol's Distillery.
  2212 | D:4      | Reached XP level 5. HP: 42/42 MP: 5/5
  2215 | D:4      | Bought a potion of curing for 36 gold pieces
  2215 | D:4      | Bought a potion of degeneration for 12 gold pieces
  2405 | D:4      | Reached *** piety under Trog
  2406 | D:4      | Reached XP level 6. HP: 47/48 MP: 6/6
  2446 | D:4      | Found a snail-covered altar of Cheibriados.
  2446 | D:4      | Found a stormy altar of Qazlal.
  3014 | D:5      | Entered Level 5 of the Dungeon
  3014 | D:5      | Found a staircase to the Ecumenical Temple.
  3021 | D:5      | Noticed an ice beast
  3022 | D:5      | Reached XP level 7. HP: 38/55 MP: 7/7
  3030 | D:4      | Slain by a killer bee

Illustrated notes

Levels and vault maps discovered:
D:1:      minmay_arrival_up_and_down, layout_basic
D:2:      layout_rooms, minmay_randomly_rotated_circles
D:3:      layout_rooms
D:4:      layout_loops_ring, gammafunk_temple_overflow_wave, serial_shops,
          nicolae_stop_n_shop_1, minmay_shop_enchanted_jewellery,
          nicolae_nh_ransacked_shop
D:5:      layout_rooms, okawaru_metal_pillars_1_2, minmay_temple_entry_arrows,
          portal_sewer_entry_e, uniq_grinder

Skill      XL: |  1  2  3  4  5  6 |
---------------+-------------------+-----
Dodging        | 2 3 |  3.7
Armour         | 2 3 |  3.7
Polearms       | 3 4 |  4.2
Fighting       | 4 |  4.7

Action                     |  1- 3 |  4- 6 |  7- 9 || total
---------------------------+-------+-------+-------++-------
  Melee: Spear             |   142 |    22 |       ||   164
         Punch             |     1 |       |       ||     1
         Trident           |       |    39 |     3 ||    42
   Stab: Sleeping          |     6 |     4 |       ||    10
         Distracted        |       |     1 |       ||     1
 Armour: Animal skin       |    16 |       |       ||    16
         Ring mail         |     3 |    15 |       ||    18
         Swamp dragon scal |       |     4 |     3 ||     7
  Dodge: Dodged            |    76 |    27 |    12 ||   115
